Map: Acropolis LE

Players

eonblu

  • Race: Zerg Zerg
  • League: Grandmaster
  • Spawn Location: 5:00

HateMe - Winner!

  • Race: Zerg Zerg
  • League: Master
  • Spawn Location: 11:00

Event: HomeStory Cup XIX

VOD

Have the link to the VOD?

Description

Time

  • Played on: June 28, 2019, 7:09 a.m.
  • Length: 8:23

All games in this series

Show
View Real Time Build Order
Export as new Build Order

eonblu Zerg 

Build Orders: Hatch First 

Get SALT Encoding   

  12  0:00  Drone  
  13  0:12  Overlord  
  13  0:17  Drone  
  14  0:30  Drone x2  
  16  0:47  Hatchery  
  15  0:51  Drone  
  15  0:54  Drone  
  17  0:57  Drone  
  18  1:08  Extractor  
  17  1:12  Spawning Pool  
  17  1:16  Drone  
  17  1:20  Drone  
  18  1:28  Drone  
  19  1:38  Drone  
  20  1:49  Overlord  
  20  2:00  Queen x2  
  24  2:03  Drone x2  
  26  2:09  Metabolic Boost  
  26  2:11  Drone x2  
  28  2:30  Zergling x2, Hatchery  
  28  2:32  Zergling x2  
  28  2:36  Drone  
  30  2:39  Drone  
  30  2:43  Queen  
  33  2:49  Overlord  
  33  3:01  Zergling x6  
  36  3:07  Zergling x4  
  38  3:15  Zergling x12  
  44  3:27  Overlord  
  44  3:33  Evolution Chamber  
  41  3:36  Drone x2  
  43  3:42  Drone x2  
  43  3:44  Queen  
  44  3:59  Drone x7  
  49  4:05  Drone x2  
  47  4:13  Zergling x4  
  47  4:15  Zerg Missile Weapons Level 1  
  49  4:21  Extractor, Roach Warren  
  49  4:23  Zergling x10, Extractor  
  51  4:28  Lair  
  51  4:36  Zergling x6  
  51  4:37  Zergling x2  
  46  4:50  Drone x8  
  47  4:53  Drone  
  47  4:54  Drone  
  47  4:58  Drone  
  47  5:02  Drone  
  47  5:04  Drone  
  49  5:10  Drone  
  49  5:12  Drone x4  
  54  5:17  Roach x2  
  54  5:18  Overlord x2  
  58  5:26  Overlord  
  57  5:29  Glial Reconstitution  
  57  5:30  Queen  
  57  5:33  Overlord  
  58  5:49  Roach x3  
  58  5:56  Roach x3  
  58  6:00  Drone x4  
  58  6:01  Drone  
  51  6:12  Roach  
  51  6:13  Roach x3  
  57  6:19  Roach  
  58  6:29  Roach x3  
  58  6:31  Drone  
  58  6:32  Roach  
  67  6:37  Roach  
  67  6:38  Ravager  
  70  6:44  Ravager  
  70  6:45  Zergling x6  
  70  6:46  Zergling x2  
  75  6:50  Zergling x4  
  75  6:53  Zergling x2  
  78  6:59  Zergling x4  
  80  7:07  Zergling x8  
  82  7:11  Zergling x4  
  82  7:16  Zergling x4  
  82  7:17  Zergling x2  
  82  7:20  Roach  
  69  7:24  Zergling x4  
  65  7:32  Zergling x6  
  66  7:43  Zergling x6  
  70  7:44  Ravager  
  70  7:46  Ravager x4  
  70  7:48  Ravager  
  70  7:49  Zergling x2  
  70  7:50  Zergling x2  
  77  7:51  Zergling x4  
  77  7:55  Zergling x2  
  77  7:56  Zergling x2  
  81  8:00  Zergling x2  
  81  8:03  Zergling x4  
Show
View Real Time Build Order
Export as new Build Order

HateMe Zerg - Winner!

Build Orders: Hatch First 

Get SALT Encoding   

  12  0:00  Drone  
  13  0:12  Overlord  
  13  0:17  Drone  
  14  0:30  Drone x2  
  16  0:48  Hatchery  
  15  0:51  Drone  
  15  0:54  Drone  
  17  0:57  Drone  
  18  1:08  Extractor  
  17  1:13  Spawning Pool  
  17  1:17  Drone  
  17  1:19  Drone  
  18  1:28  Drone  
  19  1:39  Drone  
  20  1:49  Drone  
  21  2:00  Queen x2, Overlord  
  26  2:01  Zergling x2  
  26  2:10  Drone  
  26  2:11  Drone  
  26  2:14  Metabolic Boost  
  28  2:22  Drone x2  
  30  2:32  Hatchery  
  30  2:35  Drone  
  30  2:38  Drone  
  31  2:46  Drone  
  31  2:47  Baneling Nest  
  31  2:51  Overlord  
  31  2:54  Drone  
  32  3:02  Drone  
  33  3:08  Zergling x6  
  36  3:13  Overlord  
  36  3:15  Zergling x2  
  36  3:16  Zergling x2  
  36  3:19  Zergling x4  
  40  3:20  Drone  
  41  3:31  Baneling x2  
  41  3:33  Drone x2  
  42  3:41  Baneling x2  
  42  3:44  Queen  
  42  3:46  Zergling x10  
  42  3:47  Overlord  
  46  3:59  Zergling x10  
  46  4:00  Baneling x2  
  49  4:05  Drone  
  49  4:06  Drone  
  50  4:10  Drone  
  50  4:14  Roach Warren  
  50  4:15  Drone x4  
  54  4:19  Overlord  
  54  4:20  Drone  
  54  4:23  Drone  
  54  4:24  Drone  
  57  4:32  Overlord  
  57  4:33  Drone  
  57  4:35  Drone  
  57  4:38  Drone x3  
  59  4:45  Drone x3  
  59  4:52  Extractor  
  56  4:54  Lair, Extractor  
  56  4:57  Zergling x12, Evolution Chamber  
  59  5:04  Overlord  
  59  5:05  Drone  
  59  5:08  Drone x2  
  59  5:12  Drone  
  59  5:13  Drone x2  
  64  5:21  Drone  
  64  5:26  Zerg Missile Weapons Level 1  
  64  5:28  Overlord  
  64  5:29  Overlord  
  64  5:30  Drone  
  64  5:31  Drone x5, Pneumatized Carapace  
  64  5:34  Drone  
  71  5:35  Baneling x2  
  71  5:38  Drone  
  71  5:42  Drone  
  73  5:43  Drone  
  73  5:45  Drone  
  73  5:46  Drone x2  
  75  5:52  Roach x4  
  75  5:57  Extractor x2  
  81  5:58  Roach x4  
  87  6:05  Roach x2  
  87  6:10  Overlord x2  
  91  6:12  Roach x2  
  91  6:16  Roach x2  
  97  6:24  Roach  
  98  6:30  Glial Reconstitution  
  98  6:34  Roach x2  
  98  6:35  Overlord x2  
  98  6:36  Roach x2  
  98  6:37  Zergling x2  
  98  6:38  Zergling x4  
  98  6:39  Hatchery  
  108  6:45  Roach x3  
  108  6:46  Overlord x2  
  114  6:56  Roach x6  
  125  7:02  Roach x2  
  125  7:04  Roach  
  125  7:07  Roach x3  
  135  7:13  Roach x3  
  133  7:19  Roach x3  
  123  7:23  Roach  
  123  7:28  Roach x6  
  127  7:33  Roach x2  
  129  7:41  Roach x2  
  133  7:44  Roach  
  133  7:45  Queen  
  133  7:50  Roach x2  
  141  7:51  Overlord x2  
  141  7:55  Roach x2  
  141  7:56  Roach  
  147  8:01  Roach x2  
Tags
 
Add a new tag
Caveats
  • Supply blocks, unpowered buildings, or Contaminate may cause inaccurate times.
  • Supply counts are checked every 10 seconds.